 Dungeon Crawl Stone Soup version 0.31-a0-640-g39d97e502b (webtiles) character file.

Game seed: 14832759394047474137

108 GordonOverkill the Sneak (level 4, 0/23 HPs)
             Began as a Vine Stalker Delver on Aug 28, 2023.
             Slain by a gnoll
             ... wielding a +0 flail
              (5 damage)
             ... on level 4 of the Dungeon.
             The game lasted 00:00:52 (505 turns).

GordonOverkill the Sneak (Vine Stalker Delver)       Turns: 505, Time: 00:00:53

Health: 0/23       AC:  3    Str: 17    XL:     4   Next: 87%
Magic:  0/5        EV: 11    Int: 10    God:
Gold:   79         SH:  0    Dex: 15    Spells: 3/3 levels left

rFire   . .          .
                       - Unarmed
rCold   . . .        (no shield)
rNeg    . . .        a - +0 leather armour
rPois   .            (no helmet)
rElec   .            (no cloak)
rCorr   .            (no gloves)
SInv    .            (no boots)
Will    .....        (no amulet)
Stlth   +++          (no ring)
HPRegen 1.03/turn    (no ring)
MPRegen 0.09/turn

%: guardian spirit
@: no status effects
A: fangs 2, regeneration 1, magic shield, antimagic bite, no potion heal 2
a: no special abilities


You were on level 4 of the Dungeon.
You visited 1 branch of the dungeon, and saw 3 of its levels.

You collected 79 gold pieces.

Inventory:

Armour
 a - a +0 leather armour (worn)
Wands
 f - a wand of digging (3)
Scrolls
 b - a scroll of fog
 c - a scroll of revelation
 d - a scroll of fear
Potions
 e - a potion of haste
 g - a potion of berserk rage {unknown}
 h - a potion of cancellation {unknown}


   Skills:
 - Level 2.6 Fighting
 - Level 1.5 Dodging
 - Level 6.0 Stealth
 + Level 4.9 Unarmed Combat


You had 3 spell levels left.
You didn't know any spells.
Your spell library was empty.

Dungeon Overview and Level Annotations

Branches:
Dungeon (6/15)
 Temple: D:4-7

Altars:
Hepliaklqana

Annotations:
D:5 exclusion: scorpion


Innate Abilities, Weirdness & Mutations

You have extremely sharp teeth.
Your natural rate of healing is unusually fast.
When hurt, damage is shared between your health and your magic reserves.
Your bite disrupts and absorbs the magic of your enemies.
Potions cannot restore your health.


Message History

The hound is almost dead.
The hound bites you but does no damage. The hound bites you.
You miss the hound. You bite the hound.
You kill the hound!
No target in view!
Found a stone staircase leading up.
A white imp comes into view.
The white imp shouts, "Get thee gone, thou dankish fly-bitten bounder!"
There is a stone staircase leading up here.
The white imp gestures at you. The puff of frost hits you!
You climb upwards.
Found a scroll labelled VOFFON VUSU.
There is a stone staircase leading down here.
The helpless gnoll fails to defend itself.
You punch the gnoll!
The gnoll is heavily wounded.
You barely miss the gnoll. Your bite misses the gnoll.
The gnoll is heavily wounded.
The gnoll hits you with a +0 flail!
* * * LOW HITPOINT WARNING * * *
The gnoll shouts!
You barely miss the gnoll. You bite the gnoll. You drain its power.
You feel invigorated.
The gnoll is severely wounded.
You hear a shout! x2
You barely miss the gnoll. Your bite misses the gnoll.
A gnoll comes into view. It is wielding a +0 halberd.
You barely miss the gnoll. You bite the gnoll. You drain its power.
You feel invigorated.
The gnoll is moderately wounded.
The gnoll closely misses you.
The gnoll hits you from afar with a +0 halberd!
* * * LOW HITPOINT WARNING * * *
You closely miss the gnoll.
The gnoll is moderately wounded.
The gnoll hits you from afar with a +0 halberd.
* * * LOW HITPOINT WARNING * * *
The gnoll hits you with a +0 flail!
You die... # #g####### #gg@....# #######.#

You could see 3 gnolls.

Vanquished Creatures
  2 hounds (D:5)
  An iguana (D:5)
  An adder (D:5)
  A white imp (D:6)
  A dart slug (D:5)
  4 quokkas (D:5)
10 creatures vanquished.

Notes
Turn   | Place    | Note
-------+----------+-------------------------------------------
     0 | D:5      | GordonOverkill the Vine Stalker Delver began the quest for
                  | the Orb.
     0 | D:5      | Reached XP level 1. HP: 11/11 MP: 2/2
    16 | D:6      | Reached XP level 2. HP: 7/16 MP: 3/3
    84 | D:5      | Reached XP level 3. HP: 18/19 MP: 2/4
   231 | D:5      | Found a hazy altar of Hepliaklqana.
   273 | D:5      | Noticed a scorpion
   382 | D:5      | Gained mutation: Your natural rate of healing is unusually
                  | fast. [Vine Stalker growth]
   382 | D:5      | Reached XP level 4. HP: 9/23 MP: 1/5
   505 | D:4      | Slain by a gnoll

Illustrated notes

Levels and vault maps discovered:
D:4:      layout_loops_ring, kennysheep_little_box, lemuel_temple_firewalk_b,
          serial_shops, shop, shop_statue, nicolae_shop_advertising_works
          [nicolae_subvault_shop_adworks], nicolae_square_shop
D:5:      layout_loops_cross, nicolae_hepliaklqana_hazy_memory,
          kennysheep_orc_sif_temple, minmay_misc_feat_encased
D:6:      layout_basic, nicolae_overflow_crystal_walls, uniq_eustachio

Skill      XL: |  1  2  3 |
---------------+----------+-----
Unarmed Combat | 3 4 |  4.9
Fighting       | |  2.6
Dodging        | |  1.5
Stealth        | |  6.0

Action                     |  1- 3 |  4- 6 || total
---------------------------+-------+-------++-------
  Melee: Unarmed           |    30 |    17 ||    47
         Bite              |    10 |     4 ||    14
         Punch             |     2 |       ||     2
   Stab: Sleeping          |     5 |     2 ||     7
 Armour: Leather armour    |     4 |     2 ||     6
  Dodge: Dodged            |     9 |     5 ||    14

Table legend: (Time is in decaauts)
 A = Elapsed time spent in this place.
 B = Non-inter-level travel time spent in this place.
 C = Inter-level travel time spent in this place.
 D = Time resting spent in this place.
 E = Time spent auto-exploring this place.
 F = Levels seen in this place.
 G = Mean time per level.
                   A        B        C        D        E       F      G
               +--------+--------+--------+--------+--------+-----+--------+
         Total |    501 |    501 |      0 |    179 |    161 |   3 |  167.0 |
       Dungeon |    501 |    501 |      0 |    179 |    161 |   3 |  167.0 |
               +--------+--------+--------+--------+--------+-----+--------+

Top non-repeatable levels by time:
     D:5: 442 daAuts
     D:6: 53 daAuts
     D:4: 5 daAuts
